Map: Kairos Junction LE

Players

JoZchi

  • Race: Zerg Zerg
  • League: Master
  • Spawn Location: 5:00

TheBose - Winner!

  • Race: Zerg Zerg
  • League: Platinum
  • Spawn Location: 11:00

VOD

Have the link to the VOD?

Description

Execution of the vibe build for Zerg.

Time

  • Played on: May 6, 2019, 7:30 p.m.
  • Length: 5:38
Show
View Real Time Build Order
Export as new Build Order

JoZchi Zerg 

Build Orders: Hatch First 

Get SALT Encoding   

  12  0:00  Drone  
  13  0:13  Overlord  
  13  0:17  Drone  
  14  0:31  Drone x2  
  16  0:36  Drone  
  17  0:53  Hatchery  
  17  0:56  Drone  
  17  1:00  Drone  
  18  1:13  Spawning Pool  
  18  1:16  Drone  
  18  1:19  Drone  
  19  1:28  Drone  
  20  1:36  Extractor  
  19  1:40  Overlord  
  19  2:00  Queen  
  21  2:05  Queen  
  21  2:06  Drone x3  
  26  2:12  Drone  
  27  2:20  Drone  
  27  2:22  Drone  
  29  2:27  Drone  
  30  2:33  Overlord  
  30  2:38  Lair  
  30  2:40  Drone, Queen  
  33  2:45  Drone  
  33  2:49  Overlord  
  34  2:55  Drone  
  35  2:59  Drone  
  35  3:04  Evolution Chamber  
  35  3:06  Drone  
  36  3:17  Roach Warren  
  37  3:20  Drone x7  
  42  3:29  Drone  
  42  3:31  Drone  
  44  3:38  Zerg Missile Weapons Level 1  
  44  3:40  Drone x4  
  48  3:46  Overlord  
  48  3:47  Extractor  
  48  3:48  Extractor  
  46  3:53  Drone x3  
  46  3:54  Drone  
  50  3:56  Glial Reconstitution  
  50  3:58  Overlord  
  50  4:04  Overlord  
  50  4:09  Overlord  
  50  4:16  Roach x3  
  56  4:19  Roach  
  56  4:20  Roach  
  56  4:22  Roach  
  62  4:25  Overlord x2  
  62  4:31  Roach  
  64  4:43  Roach x2  
  64  4:45  Roach  
  70  4:49  Hatchery  
  70  4:52  Roach  
  71  4:57  Roach  
  73  5:03  Roach x2  
  73  5:04  Roach x4  
  85  5:07  Roach  
  87  5:17  Roach  
  87  5:19  Overlord  
Show
View Real Time Build Order
Export as new Build Order

TheBose Zerg - Winner!

Build Orders: Hatch First 

Get SALT Encoding   

  12  0:01  Drone  
  13  0:12  Overlord  
  13  0:19  Drone  
  14  0:31  Drone x2  
  14  0:34  Drone  
  17  0:54  Hatchery  
  17  0:56  Drone  
  17  1:10  Spawning Pool  
  16  1:14  Drone  
  16  1:16  Drone  
  18  1:23  Drone  
  19  1:32  Extractor  
  18  1:34  Drone  
  18  1:39  Overlord  
  19  1:50  Drone  
  20  1:57  Queen  
  22  2:05  Queen  
  22  2:07  Drone  
  22  2:08  Drone  
  27  2:15  Drone  
  27  2:17  Drone  
  28  2:23  Drone  
  28  2:27  Overlord  
  29  2:33  Drone  
  30  2:39  Lair  
  30  2:42  Queen  
  32  2:48  Drone x2  
  32  2:50  Drone  
  35  2:53  Drone  
  36  2:59  Drone  
  37  3:10  Roach Warren  
  37  3:11  Evolution Chamber  
  35  3:21  Evolution Chamber  
  34  3:28  Drone  
  34  3:29  Drone x5  
  34  3:32  Overlord  
  40  3:38  Extractor x2, Zerg Missile Weapons Level 1  
  40  3:39  Drone  
  39  3:42  Drone  
  40  3:50  Glial Reconstitution  
  40  3:51  Drone  
  40  3:52  Drone x3  
  40  3:54  Drone x2  
  46  3:56  Drone  
  47  4:04  Drone  
  47  4:06  Overlord  
  48  4:11  Overlord  
  48  4:23  Roach x2  
  52  4:26  Roach x4  
  60  4:35  Hatchery  
  60  4:36  Roach x2  
  63  4:41  Roach  
  63  4:45  Overlord  
  65  4:54  Roach  
  65  4:55  Overlord  
  65  4:56  Overlord  
  67  5:05  Roach x4  
  75  5:09  Overlord  
  75  5:16  Roach  
Tags
 
Add a new tag
Caveats
  • Supply blocks, unpowered buildings, or Contaminate may cause inaccurate times.
  • Supply counts are checked every 10 seconds.